Map: Bel'Shir Vestige LE (Void)

Players

Indy

  • Race: Protoss Protoss
  • Spawn Location: 11:00

MaNa - Winner!

  • Race: Protoss Protoss
  • Spawn Location: 5:00

Event: IEM XI Katowice - World Championship 2017

VOD

Have the link to the VOD?

Description

Time

  • Played on: Feb. 28, 2017, 8:41 a.m.
  • Length: 7:03

All games in this series

Show
View Real Time Build Order
Export as new Build Order

Indy Protoss 

Build Orders:  

Get SALT Encoding   

  12  0:00  Probe (Chrono Boost)  
  13  0:11  Probe (Chrono Boost)  
  14  0:17  Pylon  
  14  0:21  Probe (Chrono Boost)  
  15  0:35  Probe (Chrono Boost)  
  16  0:36  Gateway  
  16  0:41  Assimilator  
  16  0:46  Probe (Chrono Boost)  
  17  0:50  Assimilator  
  17  0:56  Probe (Chrono Boost)  
  18  1:03  Gateway  
  18  1:07  Probe (Chrono Boost)  
  19  1:17  Probe (Chrono Boost)  
  20  1:23  Cybernetics Core  
  20  1:28  Probe (Chrono Boost)  
  20  1:31  Pylon  
  21  1:38  Probe (Chrono Boost)  
  22  1:49  Probe (Chrono Boost)  
  23  2:00  Mothership Core (Chrono Boost), Stalker  
  27  2:01  Stalker  
  27  2:02  Warp Gate  
  29  2:18  Pylon  
  30  2:22  Probe (Chrono Boost)  
  30  2:35  Probe (Chrono Boost)  
  30  2:36  Stalker  
  33  2:44  Stalker  
  35  2:58  Nexus  
  35  3:11  Robotics Facility  
  35  3:17  Probe (Chrono Boost)  
  35  3:28  Probe (Chrono Boost)  
  36  3:38  Probe (Chrono Boost)  
  37  3:44  Pylon  
  37  3:49  Probe (Chrono Boost)  
  37  3:50  Twilight Council  
  38  3:59  Observer  
  40  4:02  Probe (Chrono Boost)  
  40  4:09  Sentry x2  
  44  4:11  Probe (Chrono Boost)  
  44  4:13  Probe (Chrono Boost)  
  46  4:22  Blink, Probe (Chrono Boost), Assimilator  
  48  4:24  Probe (Chrono Boost)  
  48  4:26  Warp Prism  
  50  4:34  Probe (Chrono Boost)  
  50  4:36  Probe (Chrono Boost)  
  50  4:38  Pylon  
  52  4:44  Probe (Chrono Boost)  
  53  4:46  Probe (Chrono Boost)  
  53  4:50  Forge  
  54  4:55  Probe (Chrono Boost)  
  54  4:57  Probe (Chrono Boost)  
  54  4:59  Assimilator  
  56  5:05  Probe (Chrono Boost)  
  57  5:07  Probe (Chrono Boost), Immortal  
  62  5:16  Probe (Chrono Boost)  
  62  5:18  Probe (Chrono Boost)  
  62  5:27  Probe (Chrono Boost), Stalker  
  63  5:30  Probe (Chrono Boost)  
  62  5:39  Probe (Chrono Boost)  
  62  5:42  Probe (Chrono Boost)  
  64  5:46  Adept  
  66  5:51  Probe (Chrono Boost)  
  66  5:54  Probe (Chrono Boost)  
  68  5:57  Pylon  
  68  6:00  Gateway  
  68  6:03  Gateway  
  68  6:04  Gateway  
  68  6:08  Gateway  
  68  6:19  Immortal  
  68  6:24  Sentry x2  
  76  6:28  Probe x2 (Chrono Boost)  
  76  6:29  Pylon  
  76  6:30  Pylon  
  78  6:40  Pylon  
  78  6:41  Pylon  
  73  6:49  Probe x2 (Chrono Boost)  
  73  6:52  Adept x2  
Show
View Real Time Build Order
Export as new Build Order

MaNa Protoss - Winner!

Build Orders:  

Get SALT Encoding   

  12  0:00  Probe (Chrono Boost)  
  13  0:11  Probe (Chrono Boost)  
  14  0:16  Pylon  
  14  0:22  Probe (Chrono Boost)  
  15  0:35  Probe (Chrono Boost)  
  16  0:36  Gateway  
  16  0:45  Probe (Chrono Boost)  
  16  0:46  Assimilator  
  17  0:56  Probe (Chrono Boost)  
  18  0:57  Assimilator  
  18  1:06  Probe (Chrono Boost)  
  18  1:08  Gateway  
  19  1:17  Probe (Chrono Boost)  
  20  1:22  Cybernetics Core  
  20  1:27  Probe (Chrono Boost)  
  20  1:30  Pylon  
  21  1:38  Probe (Chrono Boost)  
  22  1:48  Probe (Chrono Boost)  
  22  1:51  Warp Gate  
  23  1:59  Mothership Core (Chrono Boost)  
  29  2:16  Pylon, Stalker x2  
  29  2:19  Probe (Chrono Boost)  
  31  2:30  Probe (Chrono Boost)  
  31  2:43  Probe (Chrono Boost)  
  31  2:46  Stalker x2  
  35  3:00  Nexus  
  35  3:12  Robotics Facility  
  35  3:18  Probe (Chrono Boost)  
  36  3:30  Probe (Chrono Boost)  
  36  3:33  Twilight Council  
  37  3:41  Probe (Chrono Boost)  
  38  3:44  Pylon  
  38  3:51  Probe (Chrono Boost)  
  41  4:03  Resonating Glaives, Sentry x2, Probe (Chrono Boost)  
  41  4:06  Warp Prism  
  46  4:12  Probe (Chrono Boost)  
  46  4:13  Probe (Chrono Boost)  
  48  4:23  Probe (Chrono Boost)  
  50  4:25  Probe (Chrono Boost)  
  50  4:33  Adept x2  
  50  4:34  Probe (Chrono Boost)  
  50  4:37  Probe (Chrono Boost)  
  56  4:41  Gateway  
  56  4:44  Pylon  
  56  4:47  Immortal  
  60  4:55  Pylon  
  60  5:03  Sentry  
  64  5:08  Probe x2 (Chrono Boost)  
  64  5:10  Sentry  
  66  5:16  Gateway  
  66  5:27  Immortal  
  66  5:34  Assimilator  
  70  5:38  Probe x2 (Chrono Boost)  
  72  5:45  Adept x3  
  78  5:55  Pylon  
  78  5:59  Pylon  
  78  6:01  Nexus  
  78  6:14  Probe x2 (Chrono Boost), Gateway  
  78  6:16  Adept  
  78  6:17  Adept x2  
  86  6:20  Adept  
  88  6:29  Robotics Bay, Probe x2 (Chrono Boost)  
  90  6:34  Pylon  
  90  6:36  Pylon  
  84  6:55  Adept x4  

Tags
 
Add a new tag
Caveats
  • Supply blocks, unpowered buildings, or Contaminate may cause inaccurate times.
  • Supply counts are checked every 10 seconds.